cohdb
Replays
Latest Replays
All Replays
Popular Replays
Top Player Replays
Match Explorer
How It Works
Community
CoH3 Stats
Reddit
Sign in to upload your games and track your stats! →
Sign in with Steam
Match 41275223
Unlisted
Match 41275223
Overview
Messages
Build Orders
End
Kradschützen Motorcycle Team
Panzergrenadier Squad
Panzergrenadier Squad
Construct Light Support Kompanie
2.5-tonne Medical Truck
Fire Support Elements
Panzerjäger Mechanized Group
Pak 38 Anti-tank Gun Team
Construct Panzerarmee Kommand
Veteran Squad Leaders
Armored Reserves
Selects Armored Support Battlegroup
Selects Salvage Kits
Selects Panzer Storm
Emergency Repair Kits
Vehicle Survival Package
Tiger Heavy Tank
Rapid Advance
Selects Stuka Dive Bomb
Stuka Dive Bomb
[HAN]Diederick Kastner
Philippou
何必执着于夏日
帝国の突撃隊
Erysini
Karline🥰❤️🖤💔
TY
我与神民画押
0
0
Comments
sign in to comment!
No comments posted yet!